 Dungeon Crawl Stone Soup version 0.19.3-4-gbf9329e (webtiles) character file.

19712 Jerry the Grappler (level 12, -1/82 HPs)
             Began as an Octopode Berserker on Jan 30, 2017.
             Was an Elder of Trog.
             Succumbed to a killer bee's poison
             ... on level 12 of the Dungeon.
             The game lasted 00:46:47 (14314 turns).

Jerry the Grappler (Octopode Berserker)            Turns: 14314, Time: 00:46:47

Health: -1/82      AC:  1    Str: 16    XL:     12   Next: 71%
Magic:  2/12       EV: 20    Int: 13    God:    Trog [****..]
Gold:   240        SH:  0    Dex: 15    Spells: 0 memorised, 11 levels left

rFire  + . .     SeeInvis .       - Unarmed
rCold  + . .     Gourm    .     (no shield)
rNeg   . . .     Faith    .     (helmet restricted)
rPois  .         Spirit   +     v - amulet of guardian spirit
rElec  .         Reflect  .     o - ring of protection from cold
rCorr  +         Harm     .     q - +2 ring of intelligence
MR     +....                    A - ring of resist corrosion
Stlth  +++++++...               C - ring of protection from fire
                                I - ring of stealth
                                M - ring of protection from magic
                                (no ring)
                                (no ring)

@: lethally poisoned (-1 -> -48), exhausted, slowed, very slow
A: almost no armour, stealthy swim, amphibious, 8 rings, constrict 8, camouflage
1, gelatinous body 1
a: Berserk, Trog's Hand, Brothers in Arms, Burn Spellbooks, Renounce Religion


You were on level 12 of the Dungeon.
You worshipped Trog.
Trog was greatly pleased with you.
You were hungry.

You visited 1 branch of the dungeon, and saw 12 of its levels.
You also visited: Labyrinth.

You collected 240 gold pieces.

Inventory:

Jewellery
 o - a ring of protection from cold (left tentacle)
 q - a +2 ring of intelligence (right tentacle)
 v - an amulet of guardian spirit (around mantle)
 A - a ring of resist corrosion (on tentacle)
 C - a ring of protection from fire (on tentacle)
 I - a ring of stealth (on tentacle)
 M - a ring of protection from magic (on tentacle)
Wands
 x - a wand of lightning (7/15)
 D - a wand of iceblast (6/15)
 E - a wand of slowing (14/48)
 G - a wand of paralysis (9/24)
 H - a wand of teleportation (5/9)
 O - a wand of digging (20/24)
Scrolls
 b - 3 scrolls of fear
 e - 4 scrolls of amnesia
 h - 5 scrolls of remove curse
 i - a scroll of identify
 l - 3 scrolls of noise
 n - 2 scrolls of immolation
 s - 4 scrolls of teleportation
 t - 3 scrolls of enchant weapon
 z - a scroll of recharging
 B - a scroll of blinking
 K - a scroll of magic mapping
 P - a scroll of silence {unknown}
Potions
 c - 3 potions of lignification
 f - a potion of resistance
 g - 4 potions of curing
 k - a potion of might
 m - 3 potions of heal wounds
 p - a potion of haste
 u - 5 potions of brilliance
 w - 3 potions of flight {unknown}
 F - a potion of invisibility {unknown}
Books
 y - a book of Beasts

   Spells                             Type                      Level
   a - Summon Butterflies             Summoning                    1
   b - Call Canine Familiar           Summoning                    3
   c - Summon Ice Beast               Ice/Summoning                4
   d - Summon Mana Viper              Hexes/Summoning              5
   e - Summon Hydra                   Summoning                    7
   Trog disapproves of the use of such an item.
 N - a book of Battle

   Spells                             Type                      Level
   a - Infusion                       Charms                       1
   b - Shroud of Golubria             Charms/Translocation         2
   c - Song of Slaying                Charms                       2
   d - Spectral Weapon                Hexes/Charms                 3
   e - Regeneration                   Charms/Necromancy            3
   Trog disapproves of the use of such an item.
Miscellaneous
 Q - a lamp of fire
 R - a phial of floods
Comestibles
 a - 12 bread rations
 d - 4 slices of pizza
 j - a beef jerky
 r - 8 meat rations
 J - 4 fruits
 L - 2 royal jellies
 S - 4 chunks of flesh


   Skills:
 + Level 8.1 Fighting
 + Level 10.7 Dodging
 - Level 10.6 Stealth
 * Level 14.3 Unarmed Combat


You had 11 spell levels left.
You didn't know any spells.

Dungeon Overview and Level Annotations

Branches:
Dungeon (12/15)            Temple (0/1) D:7            Lair (0/6) D:9
    Orc (0/2) D:12

Altars:
Ashenzari
Cheibriados
Dithmenos
Elyvilon
Gozag
Nemelex Xobeh
Okawaru
Ru
Sif Muna
Vehumet
Xom

Annotations:
D:9 Maurice


Innate Abilities, Weirdness & Mutations

You cannot wear most types of armour.
You are very stealthy in the water. (Stealth+)
You are amphibious.
You can wear up to eight rings at the same time.
You can use your tentacles to constrict eight enemies at once.
Your skin changes colour to match your surroundings (Stealth+).
Your rubbery body absorbs attacks. (AC +1, EV +1)


Message History

Your tentacle-slap misses the killer bee.
You constrict the killer bee.
* * * LOW HITPOINT WARNING * * *
You feel very sick. The killer bee closely misses you.
You batter the killer bee!!
You kill the killer bee!
Trog accepts your kill.
* * * LOW HITPOINT WARNING * * *
You feel sick.
You are too berserk!
* * * LOW HITPOINT WARNING * * *
You feel very sick.
You feel a strong urge to attack something.
* * * LOW HITPOINT WARNING * * *
You feel very sick.
You are no longer berserk.
You are exhausted.
You feel yourself slow down.
You die...

##.### #######+### #..# ****,,*
#####.########## *,,,,**
######..............###,*****
...................$..,..,,,***
.............##...........,,,,*
.............##....##y........#
..........[........##.........###
................@.............#".
...............†.†.....#*.....+.#
................!......##.....#**
..............................#
##...........!...............#*
##..........>...(..$....##..#*
........................##..#
............................#
.##........###..............#


There were no monsters in sight!

Vanquished Creatures
  Snorg (D:10)
  Josephine (D:10)
  The ghost of Jerry the Fighter, a journeyman CeGl of Okawaru (D:10)
  A hydra (D:11)
  Erica (D:8)
  Nergalle (D:10)
  2 hill giants
  Pikel (D:4)
  An ugly thing (D:11)
  The ghost of Naow the Destroyer, a novice DECj (D:6)
  3 gargoyles
  An efreet (D:12)
  A minotaur zombie (Lab)
  2 hornets
  A two-headed ogre (D:10)
  Grinder (D:9)
  5 hippogriffs
  Sigmund (D:5)
  A spriggan (D:7)
  3 wraiths (D:10)
  11 yaks
  4 hungry ghosts
  2 wargs (D:12)
  Edmund (D:5)
  Duvessa (D:5)
  An eye of draining (D:10)
  4 orc warriors
  8 ice beasts
  3 black bears
  A hornet zombie (D:7)
  A slave (D:4)
  6 ogres
  2 phantoms
  2 sky beasts
  11 centaurs
  A crocodile (D:11)
  A big kobold (D:8)
  6 bullfrogs
  A wyvern zombie (D:12)
  Dowan (D:5)
  A water moccasin zombie (D:5)
  3 scorpions
  4 wights (D:7)
  14 killer bees
  4 howler monkeys
  3 centaur zombies
  3 crimson imps
  A centaur skeleton (D:12)
  2 bullfrog zombies
  2 jellies
  3 bullfrog skeletons
  10 hounds
  A quasit (D:9)
  5 orc priests
  8 orc wizards
  Terence (D:2)
  3 iguanas
  5 worker ants
  A killer bee zombie (D:5)
  A worker ant zombie (D:10)
  4 gnolls (D:4)
  8 adders
  2 shadow imps
  3 oozes
  An adder zombie (D:7)
  An adder skeleton (D:4)
  2 worms
  A dart slug (D:1)
  6 leopard geckos
  36 orcs
  2 ball pythons
  4 bats (D:3)
  4 giant cockroaches
  5 goblins
  9 hobgoblins
  6 jackals
  2 quokkas
  3 frilled lizards
  12 kobolds
  A leopard gecko zombie (D:6)
  4 rats
289 creatures vanquished.

Vanquished Creatures (collateral kills)
  A minotaur (Lab)
  A big kobold (D:12)
  An orc priest (D:12)
  An orc (D:12)
4 creatures vanquished.

Vanquished Creatures (others)
  A slave (D:4)
  A gnoll shaman (D:4)
  An orc (D:4)
  A frilled lizard (D:4)
4 creatures vanquished.

Grand Total: 297 creatures vanquished

Notes
Turn   | Place    | Note
-------+----------+-------------------------------------------
     0 | D:1      | Jerry the Octopode Berserker began the quest for the Orb.
     0 | D:1      | Reached XP level 1. HP: 16/16 MP: 1/1
   194 | D:1      | Reached skill level 1 in Stealth
   205 | D:1      | Reached XP level 2. HP: 19/21 MP: 2/2
  1035 | D:2      | Reached XP level 3. HP: 26/26 MP: 3/3
  1106 | D:2      | Reached ** piety under Trog
  1140 | D:2      | Noticed Terence
  1144 | D:2      | Killed Terence
  1144 | D:2      | Reached XP level 4. HP: 31/31 MP: 4/4
  1849 | D:3      | Reached skill level 4 in Unarmed Combat
  1957 | D:4      | Reached XP level 5. HP: 26/37 MP: 5/5
  2063 | D:4      | Noticed a slave
  2066 | D:4      | Noticed a slave
  2067 | D:4      | Noticed Pikel
  2068 | D:4      | Noticed a slave
  2069 | D:4      | Noticed a slave
  2076 | D:4      | Killed a slave
  2081 | D:4      | Killed Pikel
  2081 | D:4      | Reached skill level 5 in Unarmed Combat
  2081 | D:4      | Reached XP level 6. HP: 36/44 MP: 6/6
  2081 | D:4      | Reached XP level 7. HP: 40/49 MP: 7/7
  2400 | D:4      | Reached skill level 5 in Stealth
  2649 | D:4      | Reached skill level 6 in Unarmed Combat
  2675 | D:4      | Reached XP level 8. HP: 30/54 MP: 8/8
  2929 | D:5      | Entered Level 5 of the Dungeon
  2929 | D:5      | Found a sparkling altar of Nemelex Xobeh.
  2929 | D:5      | Found a radiant altar of Vehumet.
  2929 | D:5      | Found a deep blue altar of Sif Muna.
  2930 | D:5      | Found a shattered altar of Ashenzari.
  2930 | D:5      | Found a sacrificial altar of Ru.
  2957 | D:5      | Reached skill level 5 in Fighting
  3107 | D:5      | Noticed Duvessa
  3107 | D:5      | Noticed Dowan
  3115 | D:5      | Noticed Edmund
  3128 | D:5      | Killed Edmund
  3131 | D:5      | Killed Duvessa
  3131 | D:5      | Reached skill level 5 in Dodging
  3132 | D:5      | Killed Dowan
  3406 | D:5      | Reached *** piety under Trog
  3406 | D:5      | Reached skill level 7 in Unarmed Combat
  3907 | D:5      | Noticed Sigmund
  3919 | D:5      | Killed Sigmund
  3919 | D:5      | Reached XP level 9. HP: 62/62 MP: 9/9
  4225 | D:6      | Found a snail-covered altar of Cheibriados.
  4232 | D:6      | Found a shimmering altar of Xom.
  4277 | D:6      | Reached skill level 8 in Unarmed Combat
  4434 | D:6      | Noticed Naow's ghost (novice DECj)
  4461 | D:6      | Killed Naow's ghost
  4593 | D:6      | Noticed Grinder
  4695 | D:6      | Found an iron altar of Okawaru.
  5272 | D:6      | Found a white marble altar of Elyvilon.
  5491 | D:7      | Found a shadowy altar of Dithmenos.
  5508 | D:7      | Reached skill level 9 in Unarmed Combat
  5655 | D:7      | Found a staircase to the Ecumenical Temple.
  6472 | D:7      | Reached XP level 10. HP: 68/68 MP: 10/10
  6900 | D:7      | Reached skill level 10 in Unarmed Combat
  7483 | D:8      | Reached **** piety under Trog
  7529 | D:8      | Noticed Erica
  7552 | D:8      | Killed Erica
  7552 | D:8      | Reached skill level 10 in Stealth
  8446 | D:9      | Reached skill level 11 in Unarmed Combat
  8562 | D:9      | Killed Grinder
  8832 | D:9      | Found a staircase to the Lair.
  8965 | D:9      | Reached XP level 11. HP: 72/72 MP: 11/11
  9485 | D:10     | Entered Level 10 of the Dungeon
  9496 | D:10     | Noticed Nergalle
  9497 | D:10     | Noticed a hill giant
  9506 | D:10     | Killed a hill giant
  9573 | D:10     | Killed Nergalle
  9573 | D:10     | Reached skill level 12 in Unarmed Combat
  9704 | D:10     | Noticed Maurice
 10029 | D:10     | Noticed Josephine
 10035 | D:10     | Killed Josephine
 10313 | D:10     | Noticed Jerry's ghost (journeyman CeGl)
 10330 | D:10     | Killed Jerry's ghost
 10576 | D:10     | Noticed Snorg
 10584 | D:10     | Killed Snorg
 10584 | D:10     | Reached skill level 13 in Unarmed Combat
 10646 | D:10     | Reached ***** piety under Trog
 10701 | D:10     | Found an opulent altar of Gozag.
 11085 | D:10     | Reached XP level 12. HP: 74/80 MP: 12/12
 11520 | D:11     | Noticed a seven-headed hydra
 11527 | D:11     | Killed a seven-headed hydra
 11527 | D:11     | Reached skill level 10 in Dodging
 12931 | D:11     | Reached skill level 14 in Unarmed Combat
 13428 | D:12     | Received a gift from Trog
 13437 | D:12     | HP: 5/123 [centaur (5)]
 13440 | D:12     | HP: 1/123 [centaur (3)]
 13445 | D:12     | HP: 3/123 [something (2)]
 13454 | D:12     | HP: 4/123 [something/magic dart (5)]
 13716 | D:12     | Found a staircase to the Orcish Mines.
 13752 | D:12     | Found a labyrinth entrance.
 13759 | Lab      | Entered a labyrinth
 14025 | Lab      | Noticed a minotaur
 14030 | Lab      | Killed a minotaur
 14311 | D:12     | HP: 6/123 [poisoned by a killer bee]
 14313 | D:12     | HP: 1/123 [poisoned by a killer bee]
 14314 | D:12     | Succumbed to a killer bee's poison

Skill      XL: |  1  2  3  4  5  6  7  8  9 10 11 12 |
---------------+-------------------------------------+-----
Stealth        | 1 2 4 5 7 9 10 | 10.6
Unarmed Combat | 4 5 6 7 9 11 13 14 | 14.3
Fighting       | 4 5 6 8 |  8.1
Dodging        | 4 5 6 8 9 10 | 10.7

Action                   |  1- 3 |  4- 6 |  7- 9 | 10-12 || total
-------------------------+-------+-------+-------+-------++-------
Melee: Unarmed           |    54 |    51 |   223 |   515 ||   843
       Tentacles         |     8 |    16 |    46 |   138 ||   208
       Constrict         |    12 |    17 |    35 |    63 ||   127
       Punch             |       |       |    18 |    52 ||    70
Invok: Berserk           |     1 |     1 |     8 |    22 ||    32
       Burn Spellbooks   |       |     1 |       |       ||     1
       Trog's Hand       |       |       |     1 |     3 ||     4
       Brothers in Arms  |       |       |       |     2 ||     2
  Use: Scroll            |       |       |    16 |     7 ||    23
 Stab: Sleeping          |     4 |     5 |    17 |    31 ||    57
       Distracted        |       |     1 |     3 |     2 ||     6
  Eat: Chunk             |     1 |     3 |    21 |    45 ||    70
       Fruit             |       |       |     3 |     1 ||     4
       Beef jerky        |       |       |       |     2 ||     2
       Pizza             |       |       |       |     1 ||     1
Armor: Skin              |     3 |     1 |     8 |    13 ||    25
Dodge: Dodged            |    24 |    21 |   104 |   381 ||   530
